 Seeded DCSS version 0.25.1-8-g42b30a86e7 (webtiles) character file.

Game seed: 20201210 (custom seed)

1523 radhat240 the Summoner (level 8, -6/44 HPs)
             Began as a Tengu Summoner on Dec 14, 2020.
             Was a Follower of Sif Muna.
             Mangled by Harold
             ... wielding a +2 vampiric war axe
              (18 damage)
             ... on level 7 of the Dungeon.
             The game lasted 01:24:00 (9563 turns).

radhat240 the Summoner (Tengu Summoner)             Turns: 9563, Time: 01:24:01

Health: -6/44      AC:  3    Str: 10    XL:     8   Next: 84%
Magic:  10/18      EV:  8    Int: 18    God:    Sif Muna [*.....]
Gold:   339        SH:  0    Dex: 14    Spells: 1/19 levels left

rFire    + . .     SeeInvis .   x - +8 dagger "Nayrioqem" {elec, rElec rN+++ Str-5 Stlth+}
rCold    . . .     Gourm    .   (no shield)
rNeg     + + +     Faith    .   a - +0 robe
rPois    .         Spirit   .   (helmet restricted)
rElec    +         Reflect  .   (no cloak)
rCorr    .         Harm     .   o - +0 pair of gloves
MR       .....                  (boots unavailable)
Stlth    +++.......             g - amulet of regeneration
HPRegen  0.54/turn              r - ring of protection from fire
MPRegen  0.16/turn              w - +6 ring of strength

@: marked, flying quickly and evasively, held, quick
A: beak, talons 3, able to fly
a: Stop Flying, Channel Magic, Renounce Religion


You were on level 7 of the Dungeon.
You worshipped Sif Muna.
Sif Muna was aware of your devotion.
You were hungry.

You visited 2 branches of the dungeon, and saw 8 of its levels.
You also visited: Sewer.

You collected 339 gold pieces.

Inventory:

Hand Weapons
 f - a +0 whip
 i - a +1 hunting sling
 l - a +0 dagger of freezing
 v - a +4 dagger
 x - the +8 dagger "Nayrioqem" (weapon) {elec, rElec rN+++ Str-5 Stlth+}
   (You found it on level 5 of the Dungeon)

   Occasionally, upon striking a foe, it will discharge some electrical energy
   and cause terrible harm.
   It affects your strength (-5).
   It insulates you from electricity.
   It renders you almost immune to negative energy.
   It makes you more stealthy.
Missiles
 n - 10 sling bullets
 q - 193 stones (quivered)
Armour
 a - a +0 robe (worn)
 j - a +0 pair of boots
 o - a +0 pair of gloves (worn)
 y - a +0 leather armour
Jewellery
 b - an uncursed amulet of faith {unknown}
 g - an amulet of regeneration (around neck)
 r - a ring of protection from fire (left hand)
 w - a +6 ring of strength (right hand)
Scrolls
 e - 4 scrolls of amnesia
 h - 4 scrolls of enchant armour
 m - 6 scrolls of teleportation
 p - 4 scrolls of remove curse
 s - 2 scrolls of blinking
 t - a scroll of fear
Potions
 d - a potion of curing
 k - a potion of brilliance
 u - a potion of haste
Comestibles
 c - 17 rations


   Skills:
 + Level 2.1 Fighting
 + Level 1.2 Short Blades
 + Level 3.1 Dodging
 + Level 2.9 Stealth
 + Level 6.1 Spellcasting
 + Level 10.1 Summonings
 + Level 0.1 Translocations
 + Level 0.2 Ice Magic
 + Level 0.1 Air Magic


You had one spell level left.
You knew the following spells:

 Your Spells              Type           Power        Failure   Level  Hunger
a - Summon Small Mammal   Summ           ####         1%          1    None
b - Call Imp              Summ           #####...     1%          2    None
c - Call Canine Familiar  Summ           #####...     1%          3    ##.....
d - Summon Lightning Spi  Summ/Air       ###.....     14%         4    ####...
e - Summon Ice Beast      Ice/Summ       ###.....     14%         4    ####...
f - Summon Guardian Gole  Hex/Summ       ###.....     4%          3    ##.....
g - Apportation           Tloc           #.....       11%         1    None

Your spell library contained the following spells:

 Spells                   Type           Power        Failure   Level  Hunger
 Animate Skeleton         Necr           N/A          12%         1    None
 Corona                   Hex            #......      12%         1    None


Dungeon Overview and Level Annotations

Branches:
Dungeon (7/15)             Temple (1/1) D:6           Sewer (visited)

Altars:
Ashenzari
Dithmenos
Elyvilon
Fedhas
Gozag
Hepliaklqana
Kikubaaqudgha
Makhleb
Nemelex Xobeh
Okawaru
Qazlal
Ru
Sif Muna
Trog
Uskayaw
Vehumet
Wu Jian
Xom
Yredelemnul
Zin
The Shining One

Annotations:
D:7 Harold


Innate Abilities, Weirdness & Mutations

You have a beak for a mouth.
You have claws for feet.
You can fly continuously.


Message History

Harold hits your quokka with a +2 vampiric war axe!
Your quokka dies!
Your quokka's corpse disappears in a puff of smoke!
You struggle against the net.
Your wolf bites Harold but does no damage.
Your wolf bites Harold.
Harold closely misses you. Harold completely misses your wolf.
Harold hits your white imp with a +2 vampiric war axe!
Unknown command.
You struggle against the net.
Your wolf bites Harold.
Your white imp hits Harold but does no damage.
You struggle against the net.
Your wolf closely misses Harold.
Harold hits you with a +2 vampiric war axe!
* * * LOW HITPOINT WARNING * * *
Harold hits your wolf with a +2 vampiric war axe!
Harold barely misses your white imp.
Your wolf bites Harold.
Your white imp closely misses Harold.
You struggle against the net.
Your wolf barely misses Harold.
Harold hits you with a +2 vampiric war axe!!
You die...

#... ##..###..##
##...# ...# ##...#
##..####.....
#..####....#
##...#..###.
#...#.....# #.....##
## ####........##
##....## #
#.###...###..###.....#
# #..##..##
#....<....## # ##
#..##..# ##..########
# .# #...#..###@.## .#
##<.......@5.# .##
##.......§h§..#
..###.......#####..
...#.......## ####
...........#
###.....#..#
###.....## #......#


You could see Harold, a friendly wolf (summoned) and a friendly white imp
(summoned).

Vanquished Creatures
  An ice beast (D:5)
  2 ogres
  A centaur (D:6)
  A bullfrog (D:6)
  3 killer bees (D:6)
  A crimson imp (D:5)
  A hound (D:5)
  An orc wizard (D:6)
  2 worker ants
  A gnoll (D:1)
  3 adders
  A leopard gecko (D:6)
  4 orcs (D:7)
  4 ball pythons (Sewer)
  A bat (D:1)
  A giant cockroach (D:5)
  A goblin (D:2)
  2 jackals (Sewer)
  2 kobolds
  A frilled lizard (D:2)
  2 rats
  5 plants (Sewer)
41 creatures vanquished.

Vanquished Creatures (collateral kills)
  Pikel (D:5)
  A hippogriff (D:7)
  An orc warrior (D:6)
  A black bear (D:7)
  A bullfrog (D:7)
  A killer bee (D:6)
  3 crimson imps
  A jelly (D:5)
  A quasit (D:7)
  A hound (D:5)
  An orc priest (D:7)
  3 orc wizards
  A bullfrog skeleton (D:5)
  An iguana (D:5)
  3 worker ants
  3 gnolls (D:6)
  5 adders
  A shadow imp (D:7)
  An ooze (D:2)
  2 adder skeletons
  5 worms
  4 dart slugs
  4 leopard geckos
  11 orcs
  2 ball pythons (Sewer)
  6 giant cockroaches
  5 goblins (D:1)
  14 hobgoblins
  6 jackals
  5 bats (D:1)
  7 frilled lizards
  11 kobolds
  A leopard gecko skeleton (D:5)
  10 rats
124 creatures vanquished.

Vanquished Creatures (others)
  A slave (D:6)
  An orc priest (D:6)
2 creatures vanquished.

Grand Total: 167 creatures vanquished

Notes
Turn   | Place    | Note
-------+----------+-------------------------------------------
     0 | D:1      | radhat240 the Tengu Summoner began the quest for the Orb.
     0 | D:1      | Reached XP level 1. HP: 10/10 MP: 4/4
    84 | D:1      | Reached skill level 5 in Summonings
   209 | D:1      | Reached XP level 2. HP: 13/15 MP: 0/6
   239 | D:1      | Learned a level 2 spell: Call Imp
  1028 | D:1      | Reached XP level 3. HP: 11/19 MP: 0/7
  1159 | D:1      | Learned a level 3 spell: Call Canine Familiar
  1923 | D:2      | Found a radiant altar of Vehumet.
  1924 | D:2      | Found a basalt altar of Yredelemnul.
  1925 | D:2      | Found a shadowy altar of Dithmenos.
  2012 | D:2      | Reached skill level 6 in Summonings
  2447 | D:2      | Reached XP level 4. HP: 24/24 MP: 3/9
  3934 | D:4      | Gained mutation: You can fly continuously. [Tengu growth]
  3934 | D:4      | Reached XP level 5. HP: 26/28 MP: 4/10
  4499 | D:4      | Noticed a moth of wrath
  4502 | D:4      | Found a bloodstained altar of Trog.
  4715 | D:5      | Entered Level 5 of the Dungeon
  4939 | D:5      | Reached XP level 6. HP: 33/33 MP: 3/12
  5333 | D:5      | Reached skill level 7 in Summonings
  5437 | D:5      | Noticed an ice beast
  5564 | D:6      | Found a staircase to the Ecumenical Temple.
  5593 | D:6      | Found a glowing drain.
  5640 | Sewer    | Entered a sewer
  6840 | D:5      | Noticed Pikel
  6840 | D:5      | Noticed a slave
  6840 | D:5      | Noticed a slave
  6840 | D:5      | Noticed a slave
  6922 | D:5      | Noticed a slave
  6953 | D:5      | Killed an ice beast
  6953 | D:5      | Reached XP level 7. HP: 37/37 MP: 4/15
  7091 | D:5      | Killed Pikel
  7091 | D:5      | Reached skill level 5 in Spellcasting
  7091 | D:5      | Reached skill level 8 in Summonings
  7436 | D:5      | Got a faintly glowing dagger
  7437 | D:5      | Identified the +8 dagger "Nayrioqem" {elec, rElec rN+++
                  | Str-5 Stlth+} (You found it on level 5 of the Dungeon)
  7630 | D:6      | Found a shattered altar of Ashenzari.
  7685 | D:6      | Learned a level 4 spell: Summon Lightning Spire
  7693 | D:6      | Reached XP level 8. HP: 42/42 MP: 9/17
  7794 | D:6      | Learned a level 4 spell: Summon Ice Beast
  7798 | D:6      | Learned a level 3 spell: Summon Guardian Golem
  7823 | D:6      | Found an ancient bone altar of Kikubaaqudgha.
  7855 | D:6      | Reached skill level 1 in Fighting
  7872 | Temple   | Entered the Ecumenical Temple
  8097 | Temple   | Became a worshipper of Sif Muna the Loreminder
  8148 | D:6      | Reached skill level 9 in Summonings
  8151 | D:6      | Reached skill level 1 in Short Blades
  8438 | D:6      | Learned a level 1 spell: Apportation
  8778 | D:7      | Found a white marble altar of Elyvilon.
  8803 | D:7      | Found a sacrificial altar of Ru.
  9113 | D:7      | Reached skill level 10 in Summonings
  9215 | D:7      | Noticed a hippogriff
  9227 | D:7      | Killed a hippogriff
  9227 | D:7      | Reached * piety under Sif Muna
  9553 | D:7      | Noticed Harold
  9563 | D:7      | Mangled by Harold

Illustrated notes

Levels and vault maps discovered:
D:1:      dpeg_arrival_snail, layout_basic
D:2:      layout_basic, chequers_temple_overflow_statue_of_worship,
          minmay_hedge_maze, minmay_misc_feat_five
D:3:      layout_basic
D:4:      layout_loops_ring, tgw_trog, first_ration, minmay_distorted
D:5:      layout_basic, kennysheep_nub, minmay_fractal_squares_diagonal_5,
          uniq_pikel
D:6:      layout_loops_ring, kennysheep_mini_moat,
          minmay_temple_entry_overgrown, gup_sewer_entry_glass,
          cheibrodos_ashenzari_chains
D:7:      layout_layer_cave, nicolae_overflow_crystal_walls,
          lemuel_doored_altar, uniq_harold
Temple:   eino_narrow_crystal_temple

Skill      XL: |  1  2  3  4  5  6  7  8 |
---------------+-------------------------+-----
Summonings     | 5 6 7 8 10 | 10.1
Spellcasting   | 3 4 5 6 |  6.1
Dodging        | 3 |  3.1
Fighting       | 2 |  2.1
Short Blades   | 1 |  1.2
Stealth        | |  2.9
Translocations | |  0.1
Ice Magic      | |  0.2
Air Magic      | |  0.1

Action                   |  1- 3 |  4- 6 |  7- 9 || total
-------------------------+-------+-------+-------++-------
Melee: Whip              |    15 |     3 |       ||    18
       Peck              |     3 |    38 |     6 ||    47
       Kick              |     3 |    71 |     6 ||    80
       Dagger            |       |   178 |    49 ||   227
 Cast: Summon Small Mamm |    57 |    96 |    25 ||   178
       Call Imp          |     8 |    19 |     7 ||    34
       Call Canine Famil |    10 |    37 |    16 ||    63
       Summon Lightning  |       |       |     1 ||     1
       Summon Ice Beast  |       |       |     3 ||     3
       Apportation       |       |       |     1 ||     1
       Summon Guardian G |       |       |     1 ||     1
 Abil: Fly               |       |     1 |       ||     1
  Use: Scroll            |     1 |     6 |     4 ||    11
       Potion            |       |     4 |     3 ||     7
 Stab: Distracted        |       |     1 |       ||     1
       Sleeping          |       |       |     2 ||     2
  Eat: Ration            |     2 |     3 |     1 ||     6
       Chunk             |     3 |     7 |     3 ||    13
Armor: Robe              |     6 |    20 |     2 ||    28
Dodge: Dodged            |    28 |    94 |    47 ||   169
